 Dungeon Crawl Stone Soup version 0.25.1-1-g288607f (webtiles) character file.

Game seed: 340004165676763236

4828 2bobheroes the Skirmisher (level 10, -2/104 HPs)
             Began as an Ogre Assassin on July 27, 2020.
             Was an Elder of Okawaru.
             Slain by a six-headed hydra (15 damage)
             ... on level 1 of the Lair of Beasts on July 29, 2020.
             The game lasted 00:42:04 (12497 turns).

2bobheroes the Skirmisher (Ogre Assassin)          Turns: 12497, Time: 00:42:05

Health: -2/104     AC:  6    Str: 17    XL:     10   Next: 49%
Magic:  0/10       EV: 13    Int:  8    God:    Okawaru [****..]
Gold:   126        SH: 10    Dex: 13    Spells: 9/9 levels left

rFire    . . .     SeeInvis .   H - +8 falchion "Vovvot" {vorpal, +Blink rPois Int-4 Stlth+}
rCold    + . .     Gourm    .   r - +0 kite shield
rNeg     + . .     Faith    .   O - +2 robe "Iphuerphy" {rN+ Regen+}
rPois    +         Spirit   +   (helmet restricted)
rElec    .         Reflect  .   L - +0 cloak
rCorr    .         Harm     .   (gloves unavailable)
MR       +....                  (boots unavailable)
Stlth    ++++......             z - amulet of guardian spirit
HPRegen  0.67/turn              I - ring of protection from cold
MPRegen  0.12/turn              v - +4 ring of evasion

@: no status effects
A: large, unfitting armour, tough skin 1
a: Heroism, Renounce Religion, Evoke Blink


You were on level 1 of the Lair of Beasts.
You worshipped Okawaru.
Okawaru was greatly pleased with you.
You were not hungry.

You visited 3 branches of the dungeon, and saw 10 of its levels.
You also visited: Ossuary.

You collected 388 gold pieces.
You spent 262 gold pieces at shops.

Inventory:

Hand Weapons
 a - a +2 dagger
 g - a +0 hunting sling
 k - a +0 mace
 B - a +0 flail
 F - a +0 hunting sling
 H - the +8 falchion "Vovvot" (weapon) {vorpal, +Blink rPois Int-4 Stlth+}
   (You found it on level 6 of the Dungeon)

   It inflicts extra damage upon your enemies.
   It affects your intelligence (-4).
   It protects you from poison.
   It lets you blink.
   It makes you more stealthy.
 Q - a +0 great sword
Missiles
 b - 19 sling bullets
 d - 20 poisoned darts (quivered)
 e - 2 curare-tipped darts
 h - 199 stones
 D - 3 javelins
Armour
 r - a +0 kite shield (worn)
 L - a +0 cloak (worn)
 N - a +0 tower shield
 O - the +2 robe "Iphuerphy" (worn) {rN+ Regen+}
   (You bought it in a shop on level 8 of the Dungeon)

   It protects you from negative energy.
   It increases your rate of regeneration.
Jewellery
 q - an uncursed ring of resist corrosion
 v - a +4 ring of evasion (right hand)
 z - an amulet of guardian spirit (around neck)
 I - a ring of protection from cold (left hand)
 P - an uncursed ring of flight {unknown}
Wands
 G - a wand of enslavement (19)
 M - a wand of disintegration (9)
Scrolls
 c - a scroll of identify
 x - 3 scrolls of amnesia
 y - a scroll of teleportation
 C - 4 scrolls of remove curse
 J - a scroll of magic mapping {unknown}
 K - a scroll of blinking {unknown}
Potions
 i - 2 potions of ambrosia
 j - 3 potions of heal wounds {unknown}
 l - 2 potions of mutation
 m - 4 potions of lignification
 o - a potion of might {unknown}
 p - 3 potions of brilliance
 s - 2 potions of invisibility {unknown}
 t - 2 potions of flight {unknown}
 u - a potion of haste {unknown}
 w - a potion of curing {unknown}
 A - a potion of resistance
 E - a potion of stabbing {unknown}
Comestibles
 f - 15 rations
 R - 4 chunks of flesh


   Skills:
 + Level 7.9 Fighting
 - Level 1.7(3.9) Short Blades
 * Level 5.5(5.7) Long Blades
 - Level 4.4 Maces & Flails
 + Level 6.0 Throwing
 - Level 1.6 Dodging
 + Level 5.7 Stealth
 * Level 7.1 Shields


You had 9 spell levels left.
You didn't know any spells.
Your spell library contained the following spells:

 Spells                   Type           Power        Failure   Level  Hunger
 Beastly Appendage        Tmut           #.....       54%         1    ##.....
 Sticks to Snakes         Tmut           #.......     69%         2    ###....
 Spider Form              Tmut/Pois      #.........   89%         3    ####...
 Ice Form                 Ice/Tmut       #.......     100%        4    #####..
 Blade Hands              Tmut           #.........   100%        5    ######.


Dungeon Overview and Level Annotations

Branches:
Dungeon (8/15)             Temple (1/1) D:4            Lair (1/6) D:8
Ossuary (visited)

Altars:
Ashenzari
Cheibriados
Dithmenos
Fedhas
Gozag
Hepliaklqana
Kikubaaqudgha
Nemelex Xobeh
Okawaru
Qazlal
Sif Muna
Trog
Uskayaw
Vehumet
Wu Jian
Xom
Yredelemnul
Zin
The Shining One
Beogh

Shops:
D:7 [   D:8 [

Annotations:
D:2 1 runed translucent door, Crazy Yiuf
D:3 3 runed translucent doors, hydroclopse's ghost, amateur NaWr


Innate Abilities, Weirdness & Mutations

You are too large for most types of armour.
You have tough skin. (AC +1)


Message History

The six-headed hydra bites you! x3
The six-headed hydra bites you but does no damage.
The six-headed hydra barely misses you. The six-headed hydra bites you! x2
* * * LOW HITPOINT WARNING * * *
The six-headed hydra bites you but does no damage.
Unknown command.
Throwing (i - inventory. (/) - cycle)
n - a large rock (quivered)
Press: ? - help, Shift-Dir - straight line, f/p - six-headed hydra
Aim: a six-headed hydra (heavily wounded)
You throw a large rock.
The large rock hits the six-headed hydra!!
The six-headed hydra is almost dead.
The six-headed hydra barely misses you.
You riposte.
You slash the six-headed hydra!
The six-headed hydra is almost dead.
The six-headed hydra bites you!!
* * * LOW HITPOINT WARNING * * *
You block the six-headed hydra's attack.
The six-headed hydra barely misses you. The six-headed hydra bites you!
You die...

... ##.###............#.
...###..##.......#.....#.
..........+......#.......
.###...###......#.......
##...# #......+.......
#P...# #......#....... .##
###.###.......##+##... ....
#.####.............. ....#
##'#@##..............
.....##...D................
#.[..##...................
#...#(............<.....
#...#..................
........#..................
..#.#8.>####........#...#+#
.. #...# +.......#...... .
...#. .......#.....#


You could see a six-headed hydra.

Vanquished Creatures
  Maurice (D:8)
  A hippogriff (D:7)
  4 hogs (D:8)
  A human (D:8)
  6 yaks (Lair:1)
  A hungry ghost (D:7)
  An orc warrior (D:5)
  3 sky beasts
  4 black bears
  An ice beast (D:5)
  2 phantoms (D:4)
  A crocodile (D:8)
  2 elf zombies (Ossuary)
  2 bullfrogs
  A wyvern skeleton (D:8)
  2 scorpions (D:7)
  3 howler monkeys (D:6)
  5 crimson imps
  A bullfrog zombie (D:8)
  A human zombie (Ossuary)
  A centaur zombie (Ossuary)
  3 jellies
  2 orc priests (D:6)
  A centaur skeleton (D:5)
  3 hounds
  An iguana (D:8)
  2 orc wizards
  Terence (D:1)
  2 worker ants
  3 big kobold zombies (Ossuary)
  A hound zombie (Ossuary)
  2 hound skeletons
  3 mummies (Ossuary)
  4 gnolls (D:7)
  9 adders
  A shadow imp (D:8)
  2 adder skeletons
  2 adder zombies (Ossuary)
  A worm (D:4)
  2 dart slugs
  3 leopard geckos
  19 orcs
  A ball python (D:1)
  3 bats
  10 giant cockroaches
  5 goblins
  7 hobgoblins
  4 jackals (D:6)
  3 quokkas
  3 frilled lizards (D:1)
  3 gnoll zombies (Ossuary)
  3 goblin zombies (Ossuary)
  2 hobgoblin zombies (Ossuary)
  6 jackal zombies
  8 kobolds
  3 kobold zombies (Ossuary)
  A leopard gecko skeleton (D:4)
  An orc zombie (Ossuary)
  A quokka skeleton (D:5)
  2 quokka zombies (Ossuary)
  6 rats
  6 rat zombies (Ossuary)
189 creatures vanquished.

Vanquished Creatures (others)
  A fungus (Lair:1)
  A plant (Lair:1)
2 creatures vanquished.

Grand Total: 191 creatures vanquished

Notes
Turn   | Place    | Note
-------+----------+-------------------------------------------
     0 | D:1      | 2bobheroes the Ogre Assassin began the quest for the Orb.
     0 | D:1      | Reached XP level 1. HP: 22/22 MP: 1/1
    73 | D:1      | Reached skill level 1 in Dodging
   305 | D:1      | Reached XP level 2. HP: 13/29 MP: 2/2
  1064 | D:2      | Noticed Terence
  1098 | D:1      | Killed Terence
  1098 | D:1      | Reached skill level 1 in Maces & Flails
  1098 | D:1      | Reached XP level 3. HP: 22/37 MP: 3/3
  1372 | D:2      | Reached XP level 4. HP: 45/45 MP: 4/4
  2324 | D:2      | Found a runed translucent door.
  2325 | D:2      | Noticed Crazy Yiuf
  2841 | D:3      | Reached skill level 1 in Shields
  3385 | D:3      | Found a runed translucent gate.
  3386 | D:3      | Found a runed translucent gate.
  3386 | D:3      | Noticed hydroclopse's ghost (amateur NaWr)
  3387 | D:3      | Found a runed translucent gate.
  3389 | D:3      | Identified the +1 scale mail "Plog" {*Drain Regen+ Dex+4}
  3393 | D:3      | Found a roughly hewn altar of Beogh.
  3903 | D:4      | Noticed a phantom
  4417 | D:4      | Reached XP level 5. HP: 50/53 MP: 5/5
  4456 | D:4      | Found a staircase to the Ecumenical Temple.
  4491 | Temple   | Entered the Ecumenical Temple
  4821 | Temple   | Became a worshipper of Warmaster Okawaru
  5405 | D:4      | Noticed a phantom
  5459 | D:5      | Entered Level 5 of the Dungeon
  5603 | D:5      | Reached XP level 6. HP: 59/62 MP: 6/6
  5635 | D:5      | Noticed an ice beast
  5658 | D:5      | Killed an ice beast
  5658 | D:5      | Reached * piety under Okawaru
  6082 | D:5      | Found a snail-covered altar of Cheibriados.
  6085 | D:5      | Found a shimmering blue altar of Sif Muna.
  6393 | D:5      | Reached XP level 7. HP: 71/71 MP: 7/7
  7891 | D:5      | Reached skill level 5 in Fighting
  7891 | D:5      | Reached XP level 8. HP: 75/80 MP: 5/8
  8059 | D:6      | Reached ** piety under Okawaru
  8384 | D:6      | Found a radiant altar of Vehumet.
  8390 | D:6      | Found a blossoming altar of Fedhas.
  8597 | D:6      | Got a twisted falchion
  8598 | D:6      | Identified the +8 falchion "Vovvot" {vorpal, +Blink rPois
                  | Int-4 Stlth+} (You found it on level 6 of the Dungeon)
  8938 | D:7      | Noticed a hippogriff
  8947 | D:7      | Killed a hippogriff
  8947 | D:7      | Reached skill level 1 in Long Blades
  8979 | D:7      | Found a stormy altar of Qazlal.
  9291 | D:7      | Found a sand-covered staircase.
  9300 | Ossuary  | Entered an ossuary
  9410 | Ossuary  | Reached XP level 9. HP: 85/89 MP: 9/9
  9471 | Ossuary  | Reached skill level 5 in Shields
  9876 | Ossuary  | Reached *** piety under Okawaru
 10250 | D:7      | Found Podd's Antique Armour Shoppe.
 10459 | D:7      | Reached skill level 5 in Throwing
 10635 | D:8      | Noticed Maurice
 10652 | D:8      | Killed Maurice
 10652 | D:8      | Reached skill level 5 in Stealth
 10680 | D:8      | Noticed a lindwurm
 10990 | D:8      | Noticed a lindwurm
 11031 | D:8      | Noticed a lindwurm
 11055 | D:8      | Found Caxoemm's Armour Shoppe.
 11058 | D:8      | Bought the +2 robe "Iphuerphy" {rN+ Regen+} for 262 gold
                  | pieces
 11212 | D:8      | Found a staircase to the Lair.
 11499 | D:8      | Reached **** piety under Okawaru
 11499 | D:8      | Reached XP level 10. HP: 73/102 MP: 7/10
 11523 | D:8      | Reached skill level 5 in Long Blades
 12273 | Lair:1   | Entered Level 1 of the Lair of Beasts
 12490 | Lair:1   | Noticed a six-headed hydra
 12497 | Lair:1   | Slain by a six-headed hydra

Illustrated notes

Levels and vault maps discovered:
D:1:      moated_graveyard_arrival, layout_basic
D:2:      layout_rooms, first_ration, uniq_terence, uniq_crazy_yiuf_cottage
D:3:      layout_basic, biasface_ghost_orc_armoury
D:4:      layout_loops_ring, minmay_temple_entry_overgrown
D:5:      layout_basic, kennysheep_slug_shrine, basic_altar
D:6:      layout_layer_cave, nicolae_overflow_hidden_temple
D:7:      layout_cave_pods, grunt_qazlal_clouds, nicolae_ossuary_entry_monument,
          serial_shops, nicolae_shop_competitors_out_of_business
D:8:      layout_basic, lair_entry_dummy, serial_shops, nicolae_shop_trees,
          grunt_livestock, minmay_lindwurm_lava, uniq_maurice
Temple:   regret_index_temple_waves
Lair:1:   layout_regular_city, st_stairs_5, beast_lair_carwin_7,
          grunt_megastairs_5

Skill      XL: |  1  2  3  4  5  6  7  8  9 10 |
---------------+-------------------------------+-----
Stealth        | 3 4 5 |  5.7
Dodging        | 1 |  1.6
Fighting       | 3 4 5 6 7 |  7.9
Maces & Flails | 1 2 3 4 |  4.4
Shields        | 1 2 3 4 6 7 |  7.1
Throwing       | 3 4 5 6 |  6.0
Long Blades    | 2 4 5 |  5.5
Short Blades   | |  1.7

Action                   |  1- 3 |  4- 6 |  7- 9 | 10-12 || total
-------------------------+-------+-------+-------+-------++-------
Melee: Dagger            |    84 |   183 |       |       ||   267
       Mace              |       |   198 |   223 |       ||   421
       Falchion          |       |       |   227 |    86 ||   313
Throw: Dart              |       |     1 |     6 |       ||     7
       Large rock        |       |     1 |     9 |     3 ||    13
       Stone             |       |       |    46 |     7 ||    53
Invok: Heroism           |       |       |     9 |     1 ||    10
 Abil: Evoke Blink       |       |       |       |     1 ||     1
  Use: Scroll            |       |     8 |     3 |       ||    11
 Stab: Sleeping          |     4 |     8 |    14 |     2 ||    28
  Eat: Chunk             |     1 |    13 |    11 |     4 ||    29
       Ration            |       |     1 |     2 |       ||     3
Armor: Robe              |    32 |    56 |    83 |     9 ||   180
Dodge: Dodged            |    41 |   147 |   243 |    31 ||   462
Block: Kite shield       |     2 |   122 |   239 |    39 ||   402
       Rpst.: Falchion   |       |       |    29 |     8 ||    37
